 Dungeon Crawl Stone Soup version 0.22.1-1-ga44c0e5 (webtiles) character file.

1908 MalarOregon the Carver (level 8, -1/96 HPs)
             Began as a Minotaur Berserker on Sept 23, 2018.
             Was an Elder of Trog.
             Slain by an ogre
             ... wielding a +0 giant spiked club
              (31 damage)
             ... on level 6 of the Dungeon.
             The game lasted 00:06:58 (4643 turns).

MalarOregon the Carver (Minotaur Berserker)         Turns: 4643, Time: 00:06:58

Health: -1/96      AC:  3    Str: 28    XL:     8   Next: 94%
Magic:  7/7        EV: 12    Int:  4    God:    Trog [****..]
Gold:   281        SH:  0    Dex: 11    Spells: 7/7 levels left

rFire    . . .     SeeInvis .   a - +0 falchion
rCold    . . .     Gourm    .   (no shield)
rNeg     . . .     Faith    .   d - +0 leather armour
rPois    .         Spirit   .   (helmet restricted)
rElec    .         Reflect  .   (no cloak)
rCorr    .         Harm     .   (no gloves)
MR       .....                  (no boots)
Stlth    ..........             (no amulet)
HPRegen  0.26/turn              (no ring)
MPRegen  0.10/turn              (no ring)

@: berserking, very quick
A: retaliatory headbutt, horns 2
a: Berserk, Trog's Hand, Brothers in Arms, Renounce Religion


You were on level 6 of the Dungeon.
You worshipped Trog.
Trog was greatly pleased with you.
You were near starving.

You visited 1 branch of the dungeon, and saw 6 of its levels.

You collected 281 gold pieces.

Inventory:

Hand Weapons
 a - a +0 falchion (weapon)
Missiles
 g - 60 poisoned needles
 q - a throwing net {!f}
 x - 9 tomahawks (quivered)
 A - 4 steel tomahawks
 D - 8 poisoned tomahawks
Armour
 d - a +0 leather armour (worn)
   (You found it on level 3 of the Dungeon)
 E - a +0 shield
   (You found it on level 5 of the Dungeon)
Jewellery
 w - an uncursed amulet of faith {unknown}
   (You took it off a hobgoblin on level 3 of the Dungeon)
 y - an uncursed amulet of the gourmand {unknown}
   (You found it on level 3 of the Dungeon)
Scrolls
 c - 2 scrolls of enchant weapon {unknown}
 h - a scroll of magic mapping {unknown}
 i - 5 scrolls of identify {unknown}
 j - 2 scrolls of enchant armour {unknown}
 k - a scroll of immolation {unknown}
 m - 2 scrolls of remove curse {unknown}
 n - 4 scrolls of teleportation {unknown}
 o - a scroll of random uselessness {unknown}
 u - a scroll of blinking {unknown}
 v - 2 scrolls of amnesia {unknown}
 C - 4 scrolls of fear {unknown}
 F - a scroll of fog {unknown}
Potions
 b - a potion of flight {unknown}
 f - 2 potions of heal wounds {unknown}
 l - a potion of magic {unknown}
 p - 3 potions of brilliance {unknown}
 r - a potion of might {unknown}
 s - 2 potions of curing {unknown}
 t - 3 potions of agility {unknown}
 z - a potion of lignification {unknown}
 B - a potion of cancellation {unknown}
Comestibles
 e - 5 rations {!d}


   Skills:
 - Level 3.6 Fighting
 * Level 13.3 Long Blades
 - Level 2.4 Armour
 - Level 2.1 Dodging
 + Level 3.4 Shields


You had 7 spell levels left.
You didn't know any spells.
Your spell library was empty.

Dungeon Overview and Level Annotations

Branches:
Dungeon (6/15)
 Temple: D:4-7

Altars:
Dithmenos
Okawaru
Sif Muna


Innate Abilities, Weirdness & Mutations

You reflexively headbutt those who attack you in melee.
You have a pair of horns on your head.


Message History

You headbutt the yak! You barely miss the yak. You hit the yak.
You headbutt the yak. You hit the yak. You barely miss the yak.
You headbutt the yak. The yak gores you.
A yak comes into view.
You barely miss the yak. The yak closely misses you.
You hit the yak. You headbutt the yak, but do no damage.
You hit the yak but do no damage. Your headbutt misses the yak.
The yak gores you!
You closely miss the yak. Your headbutt misses the yak. The yak gores you!
A red film seems to cover your vision as you go berserk!
You feel yourself moving faster!
You feel mighty!
You are near starving!
The yak gores you!
* * * LOW HITPOINT WARNING * * *
You slash the yak! You headbutt the yak.
You kill the yak!
Trog accepts your kill.
Your Shields skill increases to level 1!
You slash the yak! You barely miss the yak. You headbutt the yak!
The yak gores you!
* * * LOW HITPOINT WARNING * * *
You slash the yak! You barely miss the yak. The yak completely misses you.
You barely miss the yak. You headbutt the yak.
You kill the yak!
Trog accepts your kill.
Your Shields skill increases to level 2!
You slice the yak!! You headbutt the yak.
You hear a shout!
You slice the yak!!
You feel the power of Trog in you as your rage grows.
You kill the yak!
Trog accepts your kill.
Your Long Blades skill increases to level 13!
Your Shields skill increases to level 3!
Unknown command.
You slash the yak! You headbutt the yak. You hit the yak but do no damage.
Your headbutt misses the yak.
An ogre comes into view. It is wielding a giant spiked club.
You closely miss the yak. Your headbutt misses the yak.
The yak barely misses you. You furiously retaliate!
You headbutt the yak! You slash the yak!
You kill the yak!
Trog accepts your kill.
You slash the ogre! You slash the ogre!
The ogre hits you with a giant spiked club!!
You die...

#####.# #<....#
#.##### #.# #@#
#O#
...Y..)........
###...........#
##>##.#######
#. #.# . #.# .
#.# .# #.#


You could see an ogre.

Vanquished Creatures
  Grinder (D:4)
  Sigmund (D:5)
  4 yaks (D:6)
  2 ice beasts (D:5)
  2 phantoms (D:4)
  2 ogres
  2 crimson imps (D:5)
  3 orc wizards
  A bullfrog skeleton (D:5)
  2 worker ants (D:4)
  A howler monkey zombie (D:5)
  3 gnolls (D:3)
  7 adders
  3 adder skeletons
  3 worms
  4 dart slugs
  A leopard gecko (D:1)
  9 orcs
  4 giant cockroaches
  8 goblins
  10 hobgoblins
  11 jackals
  11 kobolds
  A quokka (D:3)
  2 ball pythons
  8 bats
  5 frilled lizards
  A leopard gecko skeleton (D:4)
  12 rats
124 creatures vanquished.

Notes
Turn   | Place    | Note
-------+----------+-------------------------------------------
     0 | D:1      | MalarOregon the Minotaur Berserker began the quest for the
                  | Orb.
     0 | D:1      | Reached XP level 1. HP: 19/19 MP: 0/0
     9 | D:1      | Reached skill level 4 in Long Blades
   236 | D:1      | Reached XP level 2. HP: 20/26 MP: 1/1
   474 | D:1      | Reached ** piety under Trog
   643 | D:1      | Reached skill level 5 in Long Blades
   686 | D:1      | Reached XP level 3. HP: 30/31 MP: 2/2
  1559 | D:2      | Found a deep blue altar of Sif Muna.
  1587 | D:2      | Reached XP level 4. HP: 34/39 MP: 3/3
  1588 | D:2      | Reached skill level 6 in Long Blades
  1612 | D:2      | Found a faded altar of an unknown god.
  2057 | D:3      | Reached *** piety under Trog
  2057 | D:3      | Reached skill level 7 in Long Blades
  2057 | D:3      | Reached XP level 5. HP: 45/45 MP: 4/4
  2717 | D:3      | Noticed an ogre
  2724 | D:3      | Killed an ogre
  2724 | D:3      | Reached skill level 8 in Long Blades
  2724 | D:3      | Reached XP level 6. HP: 51/51 MP: 5/5
  2964 | D:4      | Reached skill level 9 in Long Blades
  2965 | D:4      | Found a shadowy altar of Dithmenos.
  2968 | D:4      | Noticed Grinder
  2989 | D:4      | Paralysed by Grinder for 6 turns
  2997 | D:4      | Killed Grinder
  2997 | D:4      | Reached skill level 10 in Long Blades
  2997 | D:4      | Reached XP level 7. HP: 21/57 MP: 6/6
  3716 | D:4      | Reached skill level 11 in Long Blades
  3745 | D:5      | Entered Level 5 of the Dungeon
  3826 | D:5      | Noticed Sigmund
  3837 | D:5      | Killed Sigmund
  3837 | D:5      | Reached XP level 8. HP: 64/64 MP: 0/7
  3951 | D:5      | Found an iron altar of Okawaru.
  3956 | D:5      | Reached **** piety under Trog
  3969 | D:5      | Reached skill level 12 in Long Blades
  4629 | D:6      | Reached skill level 1 in Shields
  4636 | D:6      | Reached skill level 13 in Long Blades
  4643 | D:6      | Slain by an ogre

Skill      XL: |  1  2  3  4  5  6  7  8 |
---------------+-------------------------+-----
Long Blades    | 4 5 7 8 10 11 13 | 13.3
Shields        | 3 |  3.4
Fighting       | |  3.6
Armour         | |  2.4
Dodging        | |  2.1

Action                   |  1- 3 |  4- 6 |  7- 9 || total
-------------------------+-------+-------+-------++-------
Melee: Falchion          |    88 |   117 |   103 ||   308
       Headbutt          |    11 |    19 |    31 ||    61
Invok: Berserk           |     2 |     4 |     2 ||     8
       Trog's Hand       |       |     1 |     1 ||     2
 Stab: Sleeping          |     1 |       |       ||     1
  Eat: Chunk             |     4 |     9 |     5 ||    18
Armor: Animal skin       |    17 |     1 |       ||    18
       Ring mail         |       |    11 |       ||    11
       Leather armour    |       |     1 |    10 ||    11
Dodge: Dodged            |    59 |    71 |    31 ||   161
       Rpst.: Falchion   |    13 |    15 |     8 ||    36
